 Dungeon Crawl Stone Soup version 0.22-b1-59-g0aedee7 (webtiles) character file.

774 MTVSty1e the Cleaver (level 7, -2/41 HPs)
             Began as a Gargoyle Monk on Aug 9, 2018.
             Shot with an arrow by a centaur (10 damage)
             ... on level 5 of the Dungeon.
             The game lasted 00:04:37 (3748 turns).

MTVSty1e the Cleaver (Gargoyle Monk)                Turns: 3748, Time: 00:04:39

Health: -2/41      AC: 12    Str: 16      XL:     7   Next: 84%
Magic:  7/7        EV:  6    Int:  9 (11) God:
Gold:   206        SH:  3    Dex: 10 (12) Spells: 6/6 levels left

rFire    . . .     SeeInvis .   n - +0 war axe
rCold    . . .     Gourm    .   t - +0 buckler
rNeg     + . .     Faith    .   o - +0 chain mail
rPois    ∞         Spirit   .   m - +0 hat
rElec    +         Reflect  .   (no cloak)
rCorr    .         Harm     .   (no gloves)
MR       .....                  (no boots)
Stlth    ..........             p - amulet of magic regeneration (curse)
HPRegen  0.13/turn              (no ring)
MPRegen  0.35/turn              (no ring)

@: no status effects
A: negative energy resistance 1, electricity resistance, unbreathing,
petrification resistance, rot immunity, AC +4
a: no special abilities


You were on level 5 of the Dungeon.
You were not hungry.

You visited 1 branch of the dungeon, and saw 5 of its levels.

You collected 206 gold pieces.

Inventory:

Hand Weapons
 a - a +0 hand axe
 n - a +0 war axe (weapon)
Armour
 d - a +0 ring mail
 m - a +0 hat (worn)
 o - a +0 chain mail (worn)
 t - a +0 buckler (worn)
Jewellery
 h - an uncursed ring of stealth {unknown}
 p - a cursed amulet of magic regeneration (around neck)
Wands
 l - a wand of polymorph (12)
 q - a wand of clouds (6)
Scrolls
 f - 2 scrolls of teleportation {unknown}
 g - 3 scrolls of remove curse {unknown}
 i - a scroll of enchant armour {unknown}
 j - a scroll of magic mapping {unknown}
 k - 4 scrolls of identify {unknown}
Potions
 b - a potion of agility
 e - a potion of haste
 s - a potion of curing
Comestibles
 c - 4 rations


   Skills:
 - Level 3.2 Fighting
 + Level 8.2 Axes
 - Level 2.4 Dodging
 - Level 2.1 Stealth


You had 6 spell levels left.
You didn't know any spells.
Your spell library was empty.

Dungeon Overview and Level Annotations

Branches:
Dungeon (5/15)
 Temple: D:4-7

Altars:

Shops:
D:4 ?


Innate Abilities, Weirdness & Mutations

You are resistant to torment.
Your stone body is resilient. (AC +4)
You are immune to poison.
You resist negative energy. (rN+)
You are resistant to electric shocks. (rElec)
You can survive without breathing.
You are immune to petrification.
You are immune to rotting.


Message History

You are too injured to fight recklessly!
You are too injured to fight recklessly!
You are too injured to fight recklessly!
You are too injured to fight recklessly!
You are too injured to fight recklessly!
You are too injured to fight recklessly!
You are too injured to fight recklessly!
You are too injured to fight recklessly!
You are too injured to fight recklessly!
You are too injured to fight recklessly!
You are too injured to fight recklessly!
You are too injured to fight recklessly!
The centaur shoots an arrow.
The arrow hits you.
The centaur wields a shortbow.
The centaur shoots an arrow.
The arrow hits you.
You see here 2 arrows.
The centaur shoots an arrow.
The arrow hits you.
The centaur shoots an arrow.
The arrow hits you.
* * * LOW HITPOINT WARNING * * *
The centaur shoots an arrow.
The arrow hits you!
You die...

####### ....... ..#
....... #.#
.......###.# ####
........##.# #...
........##.# #.##
.......c##.# #.#
..c....(##.# #.#
..##...(@..#####
#.# ####.##.....#
#.# #.##.###.#
#####.## #.##.# #.#
#....... #.##.###.#
#.###... #......#.#
#.# #... ####.#.#.#
#.# #... ##.#†#.#
#.# ##..
###....#.###.####..


You could see 2 centaurs.

Vanquished Creatures
  An efreet (D:5)
  A sky beast (D:4)
  An ogre (D:3)
  A centaur (D:5)
  A bullfrog skeleton (D:4)
  Terence (D:3)
  Natasha (twice) (D:3)
  A howler monkey skeleton (D:4)
  5 adders
  An ooze (D:2)
  3 worms
  2 dart slugs (D:3)
  6 leopard geckos
  9 orcs (D:3)
  9 bats
  3 giant cockroaches
  8 goblins
  7 hobgoblins
  5 jackals
  2 kobolds
  2 quokkas
  A ball python (D:3)
  6 frilled lizards
  A leopard gecko skeleton (D:5)
  13 rats
92 creatures vanquished.

Notes
Turn   | Place    | Note
-------+----------+-------------------------------------------
     0 | D:1      | MTVSty1e the Gargoyle Monk began the quest for the Orb.
     0 | D:1      | Reached XP level 1. HP: 14/14 MP: 1/1
    70 | D:1      | Reached skill level 3 in Axes
   150 | D:1      | Reached XP level 2. HP: 17/19 MP: 2/2
   409 | D:1      | Reached XP level 3. HP: 23/23 MP: 3/3
   699 | D:2      | Reached skill level 4 in Axes
  1300 | D:2      | Reached XP level 4. HP: 27/28 MP: 4/4
  1689 | D:3      | Reached skill level 5 in Axes
  1751 | D:3      | Noticed Natasha
  1754 | D:3      | Killed Natasha
  1754 | D:3      | Reached XP level 5. HP: 32/32 MP: 5/5
  1784 | D:3      | Noticed Natasha
  1794 | D:3      | Killed Natasha
  2115 | D:3      | Noticed an ogre
  2115 | D:3      | Noticed Terence
  2129 | D:3      | Killed Terence
  2133 | D:3      | Killed an ogre
  2133 | D:3      | Reached skill level 6 in Axes
  2133 | D:3      | Reached XP level 6. HP: 12/37 MP: 6/6
  2629 | D:4      | Noticed a sky beast
  2669 | D:4      | Killed a sky beast
  3059 | D:4      | Reached skill level 7 in Axes
  3059 | D:4      | Reached XP level 7. HP: 41/41 MP: 7/7
  3113 | D:4      | Found Zihug's Magic Scroll Boutique.
  3247 | D:5      | Entered Level 5 of the Dungeon
  3285 | D:5      | Noticed Grinder
  3291 | D:5      | Noticed Grinder
  3291 | D:5      | Grinder changed into Grinder the efreet
  3301 | D:5      | Killed Grinder the efreet
  3301 | D:5      | Reached skill level 8 in Axes
  3748 | D:5      | Shot with an arrow by a centaur

Skill      XL: |  1  2  3  4  5  6  7 |
---------------+----------------------+-----
Axes           | 3 4 5 6 7 8 |  8.2
Fighting       | |  3.2
Dodging        | |  2.4
Stealth        | |  2.1

Action                   |  1- 3 |  4- 6 |  7- 9 || total
-------------------------+-------+-------+-------++-------
Melee: Hand axe          |   128 |    31 |       ||   159
       War axe           |       |   144 |    21 ||   165
Evoke: Wand              |       |       |     1 ||     1
  Use: Potion            |       |     2 |     4 ||     6
 Stab: Sleeping          |     3 |       |       ||     3
  Eat: Chunk             |     1 |       |       ||     1
       Ration            |       |     2 |     1 ||     3
Armor: Ring mail         |    60 |     8 |       ||    68
       Chain mail        |       |   111 |    12 ||   123
Dodge: Dodged            |    87 |    71 |     9 ||   167
Block: Buckler           |       |     2 |     2 ||     4
